 Dungeon Crawl Stone Soup version 0.28-a0-1117-g0bdd5ba030 (webtiles) character file.

Game seed: 6237002764941949854

42 septik the Chopper (level 3, -4/31 HPs)
             Began as a Minotaur Berserker on Dec 11, 2021.
             Was a Believer of Trog.
             Slain by an orc warrior (8 damage)
             ... on level 3 of the Dungeon.
             The game lasted 00:02:11 (1867 turns).

septik the Chopper (Minotaur Berserker)             Turns: 1867, Time: 00:02:11

Health: -4/31      AC:  8    Str: 23    XL:     3   Next: 35%
Magic:  2/2        EV:  8    Int:  4    God:    Trog [**....]
Gold:   124        SH:  0    Dex:  9    Spells: 2/2 levels left

rFire   . . .      SeeInvis .   a - +0 hand axe
rCold   . . .      Faith    .   (no shield)
rNeg    . . .      Spirit   .   d - +0 chain mail
rPois   .          Reflect  .   (helmet restricted)
rElec   .          Harm     .   (no cloak)
rCorr   .          Rampage  .   (no gloves)
Will    .....                   (no boots)
Stlth   ..........              (no amulet)
HPRegen 0.10/turn               (no ring)
MPRegen 0.08/turn               (no ring)

@: no status effects
A: horns 2, retaliatory headbutt
a: Renounce Religion, Berserk, Trog's Hand


You were on level 3 of the Dungeon.
You worshipped Trog.
Trog was pleased with you.
You visited 1 branch of the dungeon, and saw 3 of its levels.

You collected 124 gold pieces.

Inventory:

Hand Weapons
 a - a +0 hand axe (weapon)
Missiles
 f - 2 throwing nets (quivered)
 i - 60 stones
Armour
 b - a +0 animal skin
 d - a +0 chain mail (worn)
Jewellery
 k - a ring of protection from cold
Scrolls
 g - 3 scrolls of immolation {unknown}
Potions
 c - a potion of invisibility {unknown}
 e - a potion of lignification {unknown}
 h - a potion of brilliance {unknown}
 j - a potion of haste {unknown}
 l - a potion of curing {unknown}
 m - a potion of resistance {unknown}


   Skills:
 - Level 3.6 Fighting
 + Level 5.4 Axes
 - Level 2.4 Armour
 - Level 2.1 Dodging


You had 2 spell levels left.
You didn't know any spells.
Your spell library was empty.

Dungeon Overview and Level Annotations

Branches:
Dungeon (2/15)

Altars:


Innate Abilities, Weirdness & Mutations

You have a pair of horns on your head.
You reflexively headbutt those who attack you in melee.


Message History

The ball python constricts you.
You escape the ball python's grasp.
Found a scroll labelled CUNA JASCHEQUGA.
The ball python barely misses you. You furiously retaliate!
You headbutt the ball python!
You kill the ball python!
Trog accepts your kill.
The ball python bites you but does no damage.
The ball python grabs you. The ball python constricts you.
The ball python bites you but does no damage. x2
The ball python constricts you.
You slash the goblin!
You kill the goblin!
Trog accepts your kill.
You hit the ball python. You slash the rat!
You kill the rat!
Trog accepts your kill.
You hit the ball python but do no damage.
The ball python closely misses you. You furiously retaliate!
You headbutt the ball python. The ball python bites you.
The ball python constricts you.
You escape the ball python's grasp.
The ball python closely misses you. The ball python grabs you.
The ball python constricts you. The ball python bites you.
Things that are here:
a +0 club; a goblin corpse You escape the ball python's grasp.
An orc comes into view. It is wielding a +0 flail.
The orc hits you with a +0 hand axe. The ball python barely misses you.
The ball python grabs you. The ball python constricts you.
The frilled lizard bites you but does no damage.
You escape the ball python's grasp.
The orc shouts!
The orc warrior hits you with a +3 battleaxe of flaming!
Ouch! That really hurt!
* * * LOW HITPOINT WARNING * * *
The orc warrior burns you!
You die...

#.................#
...##......$......#
.............og...#
#..#..............#
#............#####
##...........#
..#......:..#
.####..)o.r...#
.......@olS...#
.########So####
#..# #?......#
#..[....# #.......#
#########


You could see an orc warrior, 3 orcs, a goblin, 2 ball pythons, a frilled lizard
and a rat.

Vanquished Creatures
  A dart slug (D:2)
  2 bats
  3 endoplasms
  A giant cockroach (D:1)
  3 hobgoblins
  2 jackals (D:1)
  2 kobolds
  4 quokkas
  3 ball pythons
  A frilled lizard (D:1)
  7 goblins
  5 rats
34 creatures vanquished.

Notes
Turn   | Place    | Note
-------+----------+-------------------------------------------
     0 | D:1      | septik the Minotaur Berserker began the quest for the Orb.
     0 | D:1      | Reached XP level 1. HP: 19/19 MP: 0/0
   124 | D:1      | Reached skill level 4 in Axes
   511 | D:1      | Reached XP level 2. HP: 26/26 MP: 1/1
  1366 | D:2      | Reached skill level 5 in Axes
  1500 | D:2      | Reached XP level 3. HP: 27/31 MP: 2/2
  1814 | D:2      | You fall into a shaft and drop 1 floor!
  1814 | D:3      | Noticed an orc warrior
  1830 | D:3      | Found a faded altar of an unknown god.
  1846 | D:3      | Reached ** piety under Trog
  1867 | D:3      | Slain by an orc warrior

Illustrated notes

Levels and vault maps discovered:
D:1:      arrival_zaba_pyramid, layout_basic
D:2:      layout_basic
D:3:      layout_rooms, serial_shops, shop, basic_ecumenical_altar,
          wad_floor_pattern_untrapped

Skill      XL: |  1  2 |
---------------+-------+-----
Axes           | 4 5 |  5.4
Fighting       | |  3.6
Armour         | |  2.4
Dodging        | |  2.1

Action                   || total
-------------------------++-------
Melee: Hand axe          ||    66
       Headbutt          ||     8
Invok: Berserk           ||     1
 Stab: Sleeping          ||     1
Armor: Animal skin       ||     7
       Chain mail        ||    40
Dodge: Dodged            ||    60

Table legend: (Time is in decaauts)
 A = Elapsed time spent in this place.
 B = Non-inter-level travel time spent in this place.
 C = Inter-level travel time spent in this place.
 D = Time resting spent in this place.
 E = Time spent auto-exploring this place.
 F = Levels seen in this place.
 G = Mean time per level.
                   A        B        C        D        E       F      G
               +--------+--------+--------+--------+--------+-----+--------+
         Total |   1877 |   1792 |     85 |     27 |   1522 |   3 |  625.7 |
       Dungeon |   1877 |   1792 |     85 |     27 |   1522 |   3 |  625.7 |
               +--------+--------+--------+--------+--------+-----+--------+

Top non-repeatable levels by time:
     D:1: 1352 daAuts
     D:2: 472 daAuts
     D:3: 52 daAuts
